 Dungeon Crawl Stone Soup version 0.30-a0-377-g5cb311bc9f (webtiles) character file.

Game seed: 6224807607481252741

270555 experimilk the Devastator (level 19, -5/151 HPs)
             Began as a Yellow Draconian Conjurer on Nov 27, 2022.
             Was the Champion of Vehumet.
             Killed from afar by an ironbound thunderhulk (51 damage)
             ... with a bolt of lightning
             ... on level 3 of the Vaults on Nov 30, 2022.
             The game lasted 04:13:44 (66122 turns).

experimilk the Devastator (DrCj)                   Turns: 66122, Time: 04:13:44

Health: -5/151     AC: 13    Str: 16    XL:     19   Next: 43%
Magic:  20/50      EV: 10    Int: 32    God:    Vehumet [******]
Gold:   2092       SH: 16    Dex: 12    Spells: 1/55 levels left

rFire   + + .      SeeInvis .    u - staff of poison
rCold   + . .      Faith    .    N - +4 kite shield {reflect}
rNeg    . . .      Spirit   .    (body armour unavailable)
rPois   +          Reflect  +    S - +1 hat "Seutiot" {rF+ Stlth+}
rElec   .          Harm     .    E - scarf {rC+ rF+}
rCorr   +          Rampage  .    (no gloves)
Will    +....                    Y - +1 pair of boots of Dociot {rCorr Str+6 Dex+2}
Stlth   ++........               z - amulet of magic regeneration
HPRegen 0.45/turn                P - ring of magical power
MPRegen 0.72/turn                f - +6 ring of intelligence

@: vertiginous, spewing sludge, very slow
A: spit acid, AC +10, unfitting armour, acidic bite, cold-blooded, acid
resistance
}: 2/15 runes: decaying, serpentine
a: Breathe Acid, Renounce Religion


You were on level 3 of the Vaults.
You worshipped Vehumet.
Vehumet was exalted by your worship.
You visited 6 branches of the dungeon, and saw 33 of its levels.
You also visited: Gauntlet and Volcano.

You collected 4394 gold pieces.
You spent 2302 gold pieces at shops.

Inventory:

Hand Weapons
 L - the +5 demon whip "Sarcophage" {pain, Str+3 Int+6 Dex+3}
   (You found it on level 9 of the Dungeon)

   In the hands of one skilled in necromantic magic, it inflicts extra damage on
   living creatures.
   Str:       It affects your strength (+3).
   Int:       It affects your intelligence (+6).
   Dex:       It affects your dexterity (+3).
 X - a +2 lajatang of venom
Armour
 E - a scarf of resistance (worn)
 N - a +4 kite shield of reflection (worn)
 S - the +1 hat "Seutiot" (worn) {rF+ Stlth+}
   (You found it in a volcano)

   rF:        It protects you from fire.
   Stlth:     It makes you more stealthy.
 Y - the +1 pair of boots of Dociot (worn) {rCorr Str+6 Dex+2}
   (You found it in a Gauntlet)

   Str:       It affects your strength (+6).
   Dex:       It affects your dexterity (+2).
   rCorr:     It protects you from acid and corrosion.
Magical Staves
 u - a staff of poison (weapon)
Jewellery
 a - a ring of wizardry
 f - a +6 ring of intelligence (right hand)
 k - a ring of protection from cold
 q - a +6 ring of intelligence
 z - an amulet of magic regeneration (around neck)
 C - a ring of protection from cold
 F - a ring of magical power
 J - a ring of protection from cold
 M - a ring of positive energy
 P - a ring of magical power (left hand)
 V - the amulet of Fedhas's Respect {Acrobat rElec}
   (You found it in a Gauntlet)

   [amulet of the acrobat]

   It increases your evasion while moving and waiting.
   rElec:     It insulates you from electricity.
Wands
 d - a wand of acid (18)
 h - a wand of flame (38)
 A - a wand of iceblast (21)
 K - a wand of charming (10)
 T - a wand of digging (28)
Scrolls
 c - 13 scrolls of teleportation
 g - 6 scrolls of butterflies
 j - 2 scrolls of silence
 m - 5 scrolls of magic mapping
 r - 3 scrolls of immolation
 t - 3 scrolls of fear
 v - 2 scrolls of poison
 x - 6 scrolls of enchant weapon
 y - 3 scrolls of amnesia
 D - 7 scrolls of vulnerability
 I - 2 scrolls of summoning
 Q - 3 scrolls of torment
 W - 3 scrolls of blinking
Potions
 b - 3 potions of ambrosia
 e - 19 potions of curing
 i - 5 potions of haste
 l - 8 potions of mutation
 n - 8 potions of might
 o - 6 potions of flight
 p - a potion of resistance
 s - 2 potions of berserk rage
 G - 3 potions of attraction
 R - 2 potions of magic
 Z - a potion of heal wounds
Miscellaneous
 H - a box of beasts
 O - a tin of tremorstones (2/2)
 U - a phial of floods


   Skills:
 - Level 9.0 Fighting
 - Level 3.0 Maces & Flails
 * Level 11.2 Dodging
 - Level 1.7 Stealth
 - Level 12.0 Shields
 + Level 18.7 Spellcasting
 + Level 18.9 Conjurations
 - Level 3.0 Translocations
 - Level 15.0 Poison Magic


You had one spell level left.
You knew the following spells:

 Your Spells              Type           Power      Damage    Failure   Level
a - Olgreb's Toxic Radia  Pois           100%       N/A       1%          4
b - Searing Ray           Conj           100%       2d8       1%          2
c - Iskenderun's Battles  Conj           100%       2d15      1%          5
d - Alistair's Intoxicat  Tmut/Pois      57%        N/A       8%          5
e - Magic Dart            Conj           100%       1d8       1%          1
f - Fireball              Conj/Fire      37%        3d15      1%          5
m - Momentum Strike       Conj/Tloc      100%       3d10      1%          2
p - Apportation           Tloc           98%        N/A       2%          1
q - Blink                 Tloc           98%        N/A       3%          2
s - Eringya's Noxious Bo  Tmut/Pois      43%        N/A       9%          6
v - Spellforged Servitor  Conj/Summ      37%        N/A       17%         7
w - Lesser Beckoning      Tloc           98%        N/A       6%          3
x - Iskenderun's Mystic   Conj/Tloc      79%        2d16      1%          4
z - Orb of Destruction    Conj           50%        9d13      1%          7

Your spell library contained the following spells:

 Spells                   Type           Power      Damage    Failure   Level
 Lehudib's Crystal Spear  Conj/Erth      37%        10d9      71%         8
 Ignition                 Fire           14%        3d6       100%        8
 Maxwell's Capacitive Co  Air            14%        โˆž       100%        8
 Foxfire                  Conj/Fire      100%       2x1d9     1%          1
 Freeze                   Ice            100%       1d10      1%          1
 Sting                    Tmut/Pois      100%       1d8       1%          1
 Beastly Appendage        Tmut           58%        N/A       7%          1
 Poisonous Vapours        Pois/Air       100%       N/A       1%          2
 Dazzling Flash           Conj/Hex       100%       N/A       1%          3
 Hailstorm                Conj/Ice       74%        3d15      1%          3
 Spider Form              Tmut/Pois      86%        N/A       1%          3
 Flame Wave               Conj/Fire      74%        2d16      1%          4
 Fulminant Prism          Conj/Hex       37%        3d17      1%          4
 Lightning Bolt           Conj/Air       37%        1d55      1%          5
 Scorch                   Fire           58%        2d8       2%          2
 Frozen Ramparts          Ice            58%        1d9       4%          3
 Inner Flame              Hex/Fire       29%        N/A       4%          3
 Starburst                Conj/Fire      37%        6d11      4%          6
 Gell's Gravitas          Tloc           49%        N/A       6%          3
 Teleport Other           Tloc           49%        N/A       6%          3
 Wereblood                Tmut           29%        N/A       9%          2
 Airstrike                Air            14%        2d(3-19)  12%         4
 Animate Dead             Necr           29%        N/A       41%         4
 Borgnjor's Vile Clutch   Necr/Erth      14%        N/A       71%         5
 Death Channel            Necr           14%        N/A       99%         6
 Summon Cactus Giant      Summ           14%        N/A       99%         6
 Chain Lightning          Conj/Air       37%        3d49      100%        9
 Fire Storm               Conj/Fire      37%        8d9       100%        9
 Shatter                  Erth           14%        3d14*     100%        9


Dungeon Overview and Level Annotations

Branches:
Dungeon (15/15)            Temple (0/1) D:6            Lair (5/5) D:9
  Swamp (4/4) Lair:2        Snake (4/4) Lair:3        Slime (0/5) Lair:4
    Orc (2/2) D:10            Elf (0/3) Orc:2        Vaults (3/5) D:13
 Depths (0/4) D:15        Volcano (visited)         Gauntlet (visited)
  Crypt: Vaults:2-3

Altars:
Ashenzari
Cheibriados
Dithmenos
Elyvilon
Gozag
Makhleb
Qazlal
Ru
Trog
Vehumet
Xom
Yredelemnul
Zin
The Shining One
Jiyva
Lugonu

Shops:
D:4 !   D:5 ?   D:9 !   Orc:2 *=([   Snake:3 :   Snake:4 *

Portals:
Abyss: Lair:5
Trove: Vaults:2 (give +4 storm dragon scales)

Annotations:
Lair:2 2 transporters, Witen's ghost, journeyman DsMo
Snake:2 2 transporters, exclusion: orange crystal statue
Snake:4 3 runed translucent doors, exclusion: obsidian statue, SirDiesAlot's ghost, adept DgFE


Innate Abilities, Weirdness & Mutations

You can spit globs of acid.
Your golden yellow scales are hard. (AC +10)
You cannot fit into any form of body armour.
You have acidic saliva.
You are cold-blooded and may be slowed by cold attacks.
You are resistant to acid. (rCorr)


Message History

The fireball engulfs the ironbound convoker.
The ironbound convoker is moderately wounded.
Your battlesphere fires!
The barrage of energy hits the ironbound thunderhulk!!
The ironbound thunderhulk is heavily wounded.
Unknown command.
Unknown command.
Unknown command.
Unknown command.
Casting: Fireball (mildly dangerous; 1% risk of failure)
Confirm with . or Enter, or press ? or * to list all spells.
Aiming: Orb of Destruction (mildly dangerous; 1% risk of failure)
Press: ? - help, Shift-Dir - straight line, f - vault sentinel
Aim: a vault sentinel, wielding a +0 long sword and wearing a +2 ring mail of cold resistance (severely wounded, confused, poisoned)
The orb fizzles.
The ironbound thunderhulk seems less confused.
Your battlesphere fires!
The barrage of energy hits the ironbound convoker!
The ironbound convoker is heavily wounded.
Your orb of destruction hits a metal wall.
Your spellforged servitor launches a ball of destructive magic.
The ironbound convoker hits your battlesphere with a +0 morningstar!
The vault sentinel hits your battlesphere with a +0 long sword!
Unknown command.
Casting: Orb of Destruction (mildly dangerous; 1% risk of failure)
Confirm with . or Enter, or press ? or * to list all spells.
Aiming: Orb of Destruction (mildly dangerous; 1% risk of failure)
Press: ? - help, Shift-Dir - straight line, f/p - vault sentinel
Aim: a vault sentinel, wielding a +0 long sword and wearing a +2 ring mail of cold resistance (severely wounded, confused, poisoned)
Okay, then.
The magic dart hits the vault sentinel but does no damage.
The vault sentinel is severely wounded.
Your battlesphere fires!
The barrage of energy hits the ironbound convoker.
The ironbound convoker is severely wounded.
Electricity crackles from the ironbound thunderhulk's apparatus.
The bolt of lightning hits you!!!
Electricity crackles from the ironbound thunderhulk's apparatus.
The bolt of lightning hits you!!!
You die...

..#. ########...
#......'.p#
#......#O.#
#.~~~~.#).###O#
#.~~~~ppO.ยง....
#.~~~~*#.......
#.~~~โ—‹*########
#.~~@โ—‹.#
#.~~~9.# #.~~~~.#
#.~~~~.# #......#
########


You could see 2 ironbound thunderhulks, a vault sentinel (confused, poisoned), 2
ironbound convokers, a friendly spellforged servitor (summoned) and a friendly
battlesphere.

Vanquished Creatures
  A dread lich (Vaults:1)
  Bai Suzhen (Swamp:4)
  Jorgrun (Swamp:2)
  Mlioglotl (Snake:2)
  Rupert (D:13)
  A quicksilver dragon (Vaults:1)
  The ghost of Olyjoun the Thaumaturge, an adept GnHW of Okawaru (Vaults:2)
  A sphinx (Vaults:2)
  A thorn hunter (Swamp:3)
  Agnes (Snake:3)
  3 fenstrider witches
  3 fire giants
  3 nagarajas (Snake:4)
  A frost giant (Vaults:1)
  2 vault wardens (Vaults:2)
  An orc warlord (Orc:2)
  A very ugly thing (Vaults:1)
  3 stone giants
  9 ironbound preservers
  Nessos (D:13)
  4 eleionomae
  5 bunyips
  A minotaur (Gauntlet)
  3 fire dragons (Swamp:4)
  3 yaktaur captains
  A shambling mangrove (Swamp:2)
  Josephine (D:15)
  6 vault guards
  2 salamander tyrants (Snake:4)
  A great orb of eyes (Vaults:2)
  An ogre mage (Vaults:1)
  23 hydras
  7 anacondas
  A catoblepas (Lair:3)
  7 centaur warriors
  A ghost crab (Swamp:1)
  4 ironbound frosthearts
  2 boulder beetles
  8 alligators
  5 two-headed ogres
  8 naga warriors
  Urug (Orc:2)
  8 death yaks
  7 shock serpents
  2 thrashing horrors (Lair:5)
  2 orc high priests
  14 naga sharpshooters
  2 hell knights (Vaults:1)
  7 salamander mystics
  A wretched star (Gauntlet)
  A skeletal warrior (D:14)
  3 sea snakes (Snake:3)
  A goliath frog (shapeshifter) (Lair:5)
  A fire crab (Volcano)
  5 goliath frogs
  11 naga ritualists
  6 bog bodies
  4 spriggan druids
  5 lindwurms
  11 deep trolls
  4 swamp dragons
  4 wizards
  6 orc knights
  A phantasmal warrior (Vaults:1)
  5 ironbound convokers
  3 deep elf pyromancers
  3 harpies (Vaults:2)
  3 oklob plants
  18 mana vipers
  2 will-o-the-wisps
  A harpy (shapeshifter) (Vaults:1)
  4 orc sorcerers
  14 ugly things
  12 cyclopes
  4 manticores
  9 elephants
  7 salamanders
  48 black mambas
  18 naga magi
  A smoke demon (Lair:5)
  An ice statue (D:9)
  12 cane toads
  A vault sentinel (Vaults:1)
  2 gargoyles
  10 yaktaurs
  2 freezing wraiths
  12 komodo dragons
  A komodo dragon (shapeshifter) (D:14)
  4 efreet
  A minotaur zombie (Gauntlet)
  3 rime drakes (Lair:5)
  2 unseen horrors (D:11)
  2 ancient zymes (Lair:5)
  A queen bee (shapeshifter) (D:15)
  A meliai (shapeshifter) (D:9)
  2 bloated husks
  12 hornets
  A polar bear (shapeshifter) (Lair:5)
  2 polar bears
  7 trolls
  7 tyrant leeches
  3 nameless horrors (Vaults:1)
  31 blink frogs
  13 dream sheep
  A centaur simulacrum (D:13)
  23 slime creatures
  A vampire (D:9)
  A shadow (D:12)
  14 spriggans
  A ynoxinul (Lair:5)
  10 wraiths
  3 wyverns
  16 humans (D:13)
  8 fire bats (Volcano)
  51 yaks
  14 small abominations
  A hog (shapeshifter) (D:15)
  A neqoxec (Gauntlet)
  6 basilisks
  A chaos spawn (Lair:5)
  Menkaure (D:6)
  11 steam dragons
  A redback (shapeshifter) (Lair:5)
  15 vampire mosquitoes
  2 wargs (Orc:2)
  18 swamp worms
  2 large abominations (Lair:5)
  36 nagas
  A hell hound (Volcano)
  7 acid dragons
  19 water moccasins
  7 swamp drakes (Swamp:4)
  3 black bears
  2 sky beasts (D:7)
  36 orc warriors
  An ice beast (D:6)
  3 wolves
  17 centaurs
  5 ogres
  A phantom (D:6)
  Blork the orc (Orc:2)
  9 bullfrogs
  3 kobold brigands
  3 necrophages
  A gnoll sergeant (D:9)
  4 scorpions
  8 wights
  8 killer bees
  4 electric eels (D:9)
  5 howler monkeys
  7 hounds
  2 gnoll boudas
  33 orc priests
  An iron imp (D:3)
  6 jellies
  5 hell rats (Lair:5)
  3 iguanas
  29 orc wizards
  7 adders
  12 gnolls
  A howler monkey simulacrum (D:9)
  An ufetubus (D:4)
  A dart slug (D:2)
  88 orcs
  4 endoplasms
  3 giant cockroaches
  6 goblins
  3 hobgoblins
  18 kobolds
  2 quokkas
  10 ball pythons
  2 bats
  2 frilled lizards
  4 rats
  A spectral orc (D:8)
1160 creatures vanquished.

Vanquished Creatures (collateral kills)
  2 vault wardens (Vaults:1)
  A great orb of eyes (Vaults:1)
  3 vault guards (Vaults:1)
  An ironbound frostheart (Vaults:1)
  An ice dragon (Vaults:1)
  6 deep trolls
  A lindwurm (Vaults:2)
  A phantasmal warrior (Vaults:1)
  5 ugly things
  2 yaktaurs
  2 slime creatures (Vaults:2)
  2 orcs (Orc:2)
27 creatures vanquished.

Vanquished Creatures (others)
  A vault warden (Vaults:2)
  A stone giant (Orc:1)
  A death yak (Lair:5)
  A black mamba (Snake:3)
  A large abomination (Lair:5)
  A blink frog (Lair:3)
  A yak (Lair:3)
  2 swamp drakes (Swamp:4)
  2 bullfrogs (Lair:3)
  A kobold (D:10)
  4 demonic plants (Gauntlet)
  4 foxfires
  35 fungi
  58 plants
  3 toadstools (D:9)
  2 withered plants (Vaults:2)
118 creatures vanquished.

Grand Total: 1305 creatures vanquished

Notes
Turn   | Place    | Note
-------+----------+-------------------------------------------
     0 | D:1      | experimilk the Draconian Conjurer began the quest for the
                  | Orb.
     0 | D:1      | Reached XP level 1. HP: 14/14 MP: 3/3
   198 | D:1      | Reached XP level 2. HP: 20/20 MP: 1/5
   201 | D:1      | Learned a level 2 spell: Searing Ray
  1263 | D:2      | Reached skill level 5 in Conjurations
  1263 | D:2      | Reached XP level 3. HP: 26/26 MP: 1/6
  1933 | D:2      | Found a faded altar of an unknown god.
  2047 | D:3      | Found a bloodstained altar of Trog.
  2356 | D:3      | Reached XP level 4. HP: 20/33 MP: 0/7
  3062 | D:3      | Found a snail-covered altar of Cheibriados.
  3068 | D:3      | Reached XP level 5. HP: 38/38 MP: 1/8
  4048 | D:4      | Found Ushrailae's Distillery.
  4064 | D:4      | Reached XP level 6. HP: 32/45 MP: 1/9
  4375 | D:4      | Bought a potion of ambrosia for 96 gold pieces
  4375 | D:4      | Bought a potion of heal wounds for 60 gold pieces
  4375 | D:4      | Bought a potion of lignification for 36 gold pieces
  4375 | D:4      | Bought a potion of mutation for 96 gold pieces
  4848 | D:4      | Found a glowing golden altar of the Shining One.
  5897 | D:5      | Entered Level 5 of the Dungeon
  5987 | D:5      | Found a sacrificial altar of Ru.
  6021 | D:5      | Your scales start taking on a golden yellow colour.
  6021 | D:5      | Reached XP level 7. HP: 50/50 MP: 4/10
  6021 | D:5      | Gained mutation: You are resistant to acid. (rCorr) [Yellow
                  | Draconian growth]
  6129 | D:5      | Learned a level 4 spell: Iskenderun's Mystic Blast
  6132 | D:5      | Learned a level 2 spell: Blink
  6582 | D:5      | Found Hehuane's Magic Scroll Shoppe.
  6591 | D:5      | Bought a scroll of identify for 24 gold pieces
  6591 | D:5      | Bought a scroll of teleportation for 36 gold pieces
  7016 | D:5      | Reached skill level 1 in Translocations
  7397 | D:6      | Noticed a steam dragon
  7402 | D:6      | Killed a steam dragon
  7457 | D:6      | Reached XP level 8. HP: 57/57 MP: 1/12
  7543 | D:6      | Found a radiant altar of Vehumet.
  7551 | D:6      | Became a worshipper of Vehumet
  7706 | D:6      | Found a broken altar of Ashenzari.
  7780 | D:6      | Reached skill level 10 in Conjurations
  8024 | D:6      | Found a glowing golden altar of the Shining One.
  8146 | D:6      | Noticed Menkaure
  8160 | D:6      | Killed Menkaure
  8303 | D:6      | Found a shimmering altar of Xom.
  8355 | D:6      | Found a staircase to the Ecumenical Temple.
  8649 | D:7      | Found a stormy altar of Qazlal.
  8950 | D:7      | Found a white marble altar of Elyvilon.
  9171 | D:7      | Reached XP level 9. HP: 62/62 MP: 8/13
  9281 | D:7      | Learned a level 4 spell: Olgreb's Toxic Radiance
  9381 | D:7      | Found a shadowy altar of Dithmenos.
  9388 | D:7      | Reached * piety under Vehumet
  9388 | D:7      | Offered knowledge of Kiss of Death by Vehumet.
  9389 | D:7      | Reached skill level 1 in Poison Magic
  9593 | D:7      | Found a burning altar of Makhleb.
  9702 | D:7      | Noticed a manticore
  9709 | D:7      | Killed a manticore
 10855 | D:8      | Reached skill level 5 in Poison Magic
 11136 | D:8      | Found a glowing silver altar of Zin.
 11171 | D:8      | Found an opulent altar of Gozag.
 11274 | D:8      | Found a basalt altar of Yredelemnul.
 11371 | D:8      | Reached XP level 10. HP: 69/69 MP: 9/16
 12861 | D:9      | Reached skill level 5 in Spellcasting
 13320 | D:9      | Found Xable's Distillery.
 13325 | D:9      | Bought a potion of brilliance for 52 gold pieces
 13325 | D:9      | Bought a potion of magic for 104 gold pieces
 13325 | D:9      | Bought a potion of berserk rage for 65 gold pieces
 13325 | D:9      | Bought a potion of heal wounds for 65 gold pieces
 13550 | D:9      | Noticed an ice statue
 14101 | D:9      | Killed an ice statue
 14216 | D:9      | Identified the +5 demon whip "Sarcophage" {pain, Str+3
                  | Int+6 Dex+3}
 14220 | D:9      | Got the Precepts of Concussion
 14414 | D:9      | Learned a level 5 spell: Iskenderun's Battlesphere
 14458 | D:9      | Reached ** piety under Vehumet
 14458 | D:9      | Offered knowledge of Sandblast by Vehumet.
 14710 | D:9      | Found a staircase to the Lair.
 14771 | D:9      | Noticed a two-headed ogre
 14853 | D:9      | Killed a two-headed ogre
 15084 | D:5      | Bought a scroll of blinking for 90 gold pieces
 15084 | D:5      | Bought a scroll of fear for 48 gold pieces
 15390 | D:9      | Noticed a deep elf pyromancer
 15394 | D:9      | Killed a deep elf pyromancer
 15394 | D:9      | Noticed a cyclops
 15405 | D:9      | Killed a cyclops
 15451 | D:9      | Noticed a centaur warrior
 15454 | D:9      | Noticed a cyclops
 15591 | Lair:1   | Entered Level 1 of the Lair of Beasts
 15602 | Lair:1   | Reached XP level 11. HP: 74/74 MP: 13/20
 15671 | Lair:1   | Noticed a seven-headed hydra
 15677 | Lair:1   | Killed a seven-headed hydra
 15678 | Lair:1   | Reached skill level 5 in Shields
 16623 | Lair:1   | Noticed a death yak
 16626 | Lair:1   | Noticed a death yak
 16627 | Lair:1   | Noticed a death yak
 16629 | Lair:1   | Noticed a death yak
 16630 | Lair:1   | Noticed a death yak
 16630 | Lair:1   | Noticed a death yak
 16631 | Lair:1   | Killed a death yak
 17056 | Lair:1   | Killed a death yak
 17061 | Lair:1   | Killed a death yak
 17062 | Lair:1   | Reached skill level 15 in Conjurations
 17066 | Lair:1   | Killed a death yak
 17067 | Lair:1   | Killed a death yak
 17097 | Lair:1   | Killed a death yak
 17384 | Lair:1   | Offered knowledge of Hailstorm by Vehumet.
 17387 | Lair:1   | Reached XP level 12. HP: 76/81 MP: 11/22
 17481 | Lair:1   | Identified the +6 chain mail of the Butterfly {rF+}
 17914 | Lair:2   | Noticed Witen's ghost (journeyman DsMo)
 18100 | Lair:2   | Found a transporter.
 18100 | Lair:2   | Found a transporter.
 18477 | Lair:2   | Reached *** piety under Vehumet
 19118 | Lair:2   | Noticed a six-headed hydra
 19124 | Lair:2   | Killed a six-headed hydra
 19738 | Lair:2   | Learned a level 3 spell: Lesser Beckoning
 19779 | Lair:2   | Found a staircase to the Swamp.
 19829 | Lair:2   | Noticed a five-headed hydra
 19880 | Lair:2   | Killed a five-headed hydra
 20255 | D:9      | Bought a potion of haste for 130 gold pieces
 20384 | D:5      | Bought a scroll of teleportation for 36 gold pieces
 21044 | Lair:3   | Offered knowledge of Frozen Ramparts by Vehumet.
 21276 | Lair:3   | Noticed a boulder beetle
 21291 | Lair:3   | Killed a boulder beetle
 21651 | Lair:3   | Reached XP level 13. HP: 86/86 MP: 22/26
 21785 | Lair:3   | Reached **** piety under Vehumet
 21820 | Lair:3   | Offered knowledge of Airstrike by Vehumet.
 22134 | Lair:3   | Learned a level 2 spell: Momentum Strike
 22771 | Lair:3   | Found a staircase to the Snake Pit.
 23220 | Lair:3   | Reached skill level 5 in Dodging
 23553 | Lair:3   | Reached skill level 10 in Spellcasting
 25345 | Lair:4   | Got Oclair's Collected Works on the Incendiary Welkin
 25578 | Lair:4   | Found a staircase to the Slime Pits.
 25583 | Lair:4   | Found a viscous altar of Jiyva.
 25620 | Lair:4   | Identified the +7 flail of Zosick {drain, *Rage rN+ MP+9}
 25676 | Lair:4   | Learned a level 2 spell: Poisonous Vapours
 25973 | Lair:5   | Entered Level 5 of the Lair of Beasts
 26482 | Lair:5   | Reached ***** piety under Vehumet
 26487 | Lair:5   | Offered knowledge of Eringya's Noxious Bog by Vehumet.
 26495 | Lair:5   | Learned a level 6 spell: Eringya's Noxious Bog
 27108 | Lair:5   | Gained mutation: You have acidic saliva. [Yellow Draconian
                  | growth]
 27108 | Lair:5   | Reached XP level 14. HP: 66/93 MP: 7/29
 28445 | Lair:5   | Found a corrupted altar of Lugonu.
 28445 | Lair:5   | Found a one-way gate to the infinite horrors of the Abyss.
 29547 | D:9      | Bought a potion of curing for 39 gold pieces
 29547 | D:9      | Bought a potion of curing for 39 gold pieces
 29547 | D:9      | Bought a potion of cancellation for 104 gold pieces
 29644 | D:4      | Bought a potion of curing for 36 gold pieces
 30297 | D:10     | Entered Level 10 of the Dungeon
 30547 | D:10     | Found a staircase to the Orcish Mines.
 31416 | Orc:1    | Entered Level 1 of the Orcish Mines
 31425 | Orc:1    | Offered knowledge of Ozocubu's Refrigeration by Vehumet.
 31942 | Orc:1    | Found a transporter.
 31945 | Orc:1    | Noticed a stone giant
 31957 | Orc:1    | Found a transporter.
 31989 | Orc:2    | Entered Level 2 of the Orcish Mines
 32056 | Orc:2    | Found a dark tunnel.
 32081 | Volcano  | Entered a volcano
 32815 | Volcano  | Identified the +1 hat "Seutiot" {rF+ Stlth+}
 33271 | Orc:2    | Found a staircase to the Elven Halls.
 33279 | Orc:2    | Noticed Urug
 33298 | Orc:2    | Killed Urug
 33554 | Orc:2    | Noticed an orc warlord
 33566 | Orc:2    | Killed an orc warlord
 33810 | Orc:2    | Noticed Blork the orc
 33813 | Orc:2    | Killed Blork the orc
 33963 | Orc:2    | Found Joedilu's Jewellery Emporium.
 34136 | Orc:2    | Found Demats's General Store.
 34152 | Orc:2    | Found Gosacs's Antique Weapon Emporium.
 34168 | Orc:2    | Found Hekiciaph's Antique Armour Emporium.
 34844 | Orc:1    | Noticed a stone giant
 34853 | Orc:1    | Killed a stone giant
 34854 | Orc:1    | Reached skill level 10 in Poison Magic
 34864 | Orc:1    | Reached XP level 15. HP: 38/99 MP: 25/32
 35179 | D:11     | Found a gate leading to a gauntlet.
 35188 | Gauntlet | Entered a Gauntlet
 35188 | Gauntlet | Found a transporter.
 35188 | Gauntlet | Found a runed translucent door.
 35189 | Gauntlet | Found a runed translucent door.
 35191 | Gauntlet | Found a transporter.
 35193 | Gauntlet | Found a transporter.
 35205 | Gauntlet | Found a runed translucent gate.
 35207 | Gauntlet | Found a runed translucent gate.
 35207 | Gauntlet | Found a transporter.
 35208 | Gauntlet | Found a runed translucent gate.
 35209 | Gauntlet | Found a transporter.
 35218 | Gauntlet | Found a transporter.
 35234 | Gauntlet | Found a transporter.
 35244 | Gauntlet | Found a transporter.
 35253 | Gauntlet | Found a runed translucent door.
 35254 | Gauntlet | Found a transporter.
 35255 | Gauntlet | Found a runed translucent door.
 35274 | Gauntlet | Found a transporter.
 35274 | Gauntlet | Found a transporter.
 35276 | Gauntlet | Found a transporter.
 35360 | Gauntlet | Found a transporter.
 35435 | Gauntlet | Offered knowledge of Arcjolt by Vehumet.
 35747 | Gauntlet | Reached ****** piety under Vehumet
 35751 | Gauntlet | Found a transporter.
 35756 | Gauntlet | Identified the amulet of Fedhas's Respect {Acrobat rElec}
 35998 | Gauntlet | Identified the +1 pair of boots of Dociot {rCorr Str+6
                  | Dex+2}
 38943 | D:13     | Noticed Rupert
 38943 | D:13     | Noticed Nessos
 38943 | D:13     | Found a gate to the Vaults.
 38947 | D:13     | Killed Nessos
 38951 | D:13     | Killed Rupert
 40034 | Orc:2    | Bought an amulet of magic regeneration for 300 gold pieces
 40057 | Orc:2    | Bought a potion of ambrosia for 96 gold pieces
 40057 | Orc:2    | Bought a potion of curing for 36 gold pieces
 40057 | Orc:2    | Bought a scroll of blinking for 90 gold pieces
 40057 | Orc:2    | Bought a scarf of resistance for 384 gold pieces
 40212 | D:4      | Bought 2 potions of haste for 240 gold pieces
 40394 | Snake:1  | Entered Level 1 of the Snake Pit
 40800 | Snake:1  | Found Lacvoa's Jewellery Shop.
 41008 | Snake:1  | Offered knowledge of Lee's Rapid Deconstruction by Vehumet.
 41417 | Snake:2  | Noticed Mlioglotl
 42669 | Snake:2  | Noticed a tentacled starspawn
 45336 | Snake:2  | Reached XP level 16. HP: 92/105 MP: 29/34
 45383 | Snake:2  | Identified the +10 flail "Ruerr" {vorpal, Int+5}
 46396 | Snake:2  | Killed Mlioglotl
 46650 | Snake:2  | Found a transporter.
 46650 | Snake:2  | Found a transporter.
 46650 | Snake:2  | Found the +3 warlock's mirror {reflect}
 48193 | Snake:3  | Found Feag's Book Shop.
 48265 | Snake:3  | Offered knowledge of Yara's Violent Unravelling by Vehumet.
 48523 | Snake:3  | Learned a level 5 spell: Alistair's Intoxication
 49091 | Snake:3  | Reached skill level 15 in Poison Magic
 49720 | Snake:3  | Found a bloodstained altar of Trog.
 49730 | Snake:3  | Reached skill level 15 in Spellcasting
 49743 | Snake:3  | Reached skill level 1 in Fighting
 50077 | Snake:3  | Noticed Agnes
 50093 | Snake:3  | Killed Agnes
 50417 | Snake:4  | Entered Level 4 of the Snake Pit
 50419 | Snake:4  | Identified the +1 rapier of Inquiry {pain, rElec rN+ Will-}
 51119 | Snake:4  | Reached skill level 5 in Fighting
 51446 | Snake:4  | Reached XP level 17. HP: 89/128 MP: 30/36
 52448 | Snake:4  | Got a serpentine rune of Zot
 52597 | Snake:4  | Learned a level 1 spell: Apportation
 52656 | Snake:4  | Found a runed translucent gate.
 52656 | Snake:4  | Found a runed translucent gate.
 52656 | Snake:4  | Found a runed translucent gate.
 52657 | Snake:4  | Found an opulent altar of Gozag.
 52662 | Snake:4  | Found Faufecin's Assorted Antiques.
 52662 | Snake:4  | Noticed SirDiesAlot's ghost (adept DgFE)
 52986 | Swamp:1  | Entered Level 1 of the Swamp
 53275 | Swamp:1  | Reached skill level 1 in Maces & Flails
 54213 | Swamp:2  | Noticed Jorgrun
 54231 | Swamp:2  | Killed Jorgrun
 54431 | Swamp:2  | Offered knowledge of Spellforged Servitor by Vehumet.
 54938 | Swamp:2  | Reached skill level 10 in Shields
 56053 | Swamp:4  | Entered Level 4 of the Swamp
 56283 | Swamp:4  | Noticed Bai Suzhen
 56306 | Swamp:4  | Killed Bai Suzhen
 56315 | Swamp:4  | Reached XP level 18. HP: 67/145 MP: 33/38
 56837 | Swamp:4  | Learned a level 7 spell: Spellforged Servitor
 57298 | Swamp:4  | Got a decaying rune of Zot
 57827 | D:13     | You fall into a shaft and drop 2 floors!
 57827 | D:15     | Entered Level 15 of the Dungeon
 58976 | D:15     | Found a staircase to the Depths.
 59204 | D:15     | Noticed Josephine
 59207 | D:15     | Killed Josephine
 59696 | Vaults:1 | Entered Level 1 of the Vaults
 59724 | Vaults:1 | Offered knowledge of Orb of Destruction by Vehumet.
 59875 | Vaults:1 | Learned a level 7 spell: Orb of Destruction
 61646 | Vaults:1 | Noticed a dread lich
 61677 | Vaults:1 | Noticed a Tzitzimitl
 61680 | Vaults:1 | Killed a dread lich
 61681 | Vaults:1 | Reached skill level 10 in Dodging
 61681 | Vaults:1 | Reached XP level 19. HP: 33/151 MP: 14/41
 62752 | Vaults:1 | Identified the +4 scale mail of Repulsion {Dex+6}
 63480 | Vaults:2 | Offered knowledge of Lehudib's Crystal Spear by Vehumet.
 63480 | Vaults:2 | Offered knowledge of Ignition by Vehumet.
 63480 | Vaults:2 | Offered knowledge of Maxwell's Capacitive Coupling by
                  | Vehumet.
 63635 | Vaults:2 | Learned a level 5 spell: Fireball
 64623 | Vaults:2 | Found a portal to a secret trove of treasure.
 64719 | Vaults:2 | Found a runed translucent door.
 64719 | Vaults:2 | Noticed Olyjoun's ghost (adept GnHW)
 65195 | Vaults:2 | Killed Olyjoun's ghost
 65481 | Vaults:2 | Identified the +1 helmet of Umiedueb {Int+5}
 66122 | Vaults:3 | Killed from afar by an ironbound thunderhulk

Illustrated notes

Levels and vault maps discovered:
D:1:      dpeg_arrival_rooms_a, layout_loops_ring
D:2:      minmay_angry_zag, layout_loops_ring, chequers_ecumenical_altar_grove
D:3:      layout_basic, slow_altar_2, mainiacjoe_overflow_24_doors
D:4:      layout_gridville, mainiacjoe_overflow_paths, serial_shops, shop
D:5:      layout_loops_corners, lemuel_crystal_altar, serial_shops,
          nicolae_shop_waterfront
D:6:      layout_loops_ring, lemuel_coloured_pillars_altar,
          kennysheep_mini_moat, minmay_temple_entry_nine_rooms,
          hangedman_feature_mirror, uniq_menkaure
D:7:      minmay_bubble_buster, layout_basic, grunt_dithmenos_smoke_and_mirrors,
          mainiacjoe_overflow_concentric_impassable, elyvilon_altar_5,
          mainiacjoe_overflow_alcove_4
D:8:      layout_loops_ring, pdpol_temple_overflow_zin_treasury_gozag_greed,
          yredelemnul_forgotten_temple_becter,
          hangedman_abyss_or_decor_jellyfish_corner
D:9:      layout_rooms, erik_lair_island, serial_shops, kennysheep_little_box,
          nicolae_sextant, chequers_serial_rivers_small_b,
          minmay_gold_behind_fungi, minivault_15, minmay_evil_grid
D:10:     layout_long_grid, david_orc_5
D:11:     layout_loops_ring, gauntlet_entry_generic
D:12:     layout_loops_ring, nicolae_fountain_basement
D:13:     layout_roguey, david_vaults_3, serial_shops, nicolae_take_the_stairs,
          minivault_27, drop_trap
D:14:     layout_cave_pools, kennysheep_doodads, st_stairs_13,
          hangedman_decor_growths
D:15:     grunt_enter_depths_giant_problem, layout_loops_cross,
          minmay_misc_feat_rugged, uniq_josephine
Lair:1:   layout_regular_city, chequers_serial_rivers_small_3,
          infiniplex_staircase_pool
Lair:2:   layout_hall_layers, palyth_hydra_swamp_entry, nzn_ghost_randoct
Lair:3:   layout_hall_layers, minmay_snake_entry_six_corridors, minivault_19,
          minmay_shattered_shrine
Lair:4:   layout_loops_ring, minmay_slime_entry_pillars,
          chequers_serial_rivers_micro_b, dpeg_oklob_1
Lair:5:   hellmonk_lair_end_abyssal_woods, layout_cave_pods
Swamp:1:  layout_basic_swamp, evilmike_swamp_ruin_house_5,
          infiniplex_staircase_pool_2
Swamp:2:  layout_basic_swamp, evilmike_swamp_ruin_house_6, uniq_jorgrun
Swamp:3:  layout_basic_swamp, serial_swamp_ruin, evilmike_swamp_ruin_house_3,
          hangedman_swamp_ruin_wall, swamp_pool1
Swamp:4:  swamp_fiery, layout_basic_swamp, nicolae_swamp_dense_foliage,
          uniq_bai_suzhen
Snake:1:  layout_onion, minmay_shop_enchanted_jewellery, serial_bayou_shore_b
Snake:2:  gammafunk_sealed_arena, layout_rooms, nicolae_snake_coiling_death,
          serial_bayou_shore_b, lemuel_fruit_tree, uniq_mlioglotl
Snake:3:  layout_concentric_octagons, basic_altar, serial_shops, shop,
          serial_bayou_shore_a, grunt_megastairs_2, uniq_agnes
Snake:4:  minmay_snake_end_coiled, layout_misc_corridors, ebering_ghost_gozag
Orc:1:    gammafunk_beogh_shrine, layout_caves, basic_altar
Orc:2:    grunt_orc_cross, layout_caves, nicolae_volcano_entry_lava_flow,
          mines1_david
Vaults:1: vaults_dpeg_emergency_exit, v_misc_24, ontoclasm_vaults_pinch,
          vaults_dpeg_hooks, vaults_dpeg_diagonal, st_greater_box_5,
          nicolae_vaults_network_square, vaults_room_fancy_cross,
          vaults_room_ringed_pool, nicolae_vaults_asterisk,
          nicolae_vaults_diagonal_hallway_8, grunt_vaults_funnel,
          ontoclasm_vaults_gateway, v_misc_14, vaults_room_semicircle,
          layout_vaults_maze_snakey
Vaults:2: gammafunk_ghost_grave, nicolae_vaults_circle_grid_b, v_misc_25,
          v_misc_27, v_misc_8, nicolae_vaults_hallways_thing, vaults_dpeg_doors,
          vaults_mumra_lcd, layout_vaults_omnibox, nicolae_trove_entry_crystal
Vaults:3: blue_anna_dwarven_crypt, vaults_dpeg_ring,
          nicolae_vaults_network_quinsquares
          [nicolae_vaults_network_quincunx_subvault,
          nicolae_vaults_network_quincunx_subvault,
          nicolae_vaults_network_quincunx_subvault,
          nicolae_vaults_network_quincunx_subvault], grunt_vaults_swirl,
          v_misc_16, vaults_standard_mumra_x, vaults_mumra_minichess, v_misc_2,
          grunt_vaults_trifunnel, ontoclasm_vaults_decontamination,
          layout_vaults_ring

Skill      XL: |  1  2  3  4  5  6  7  8  9 10 11 12 13 14 15 16 17 18 19 |
---------------+----------------------------------------------------------+-----
Conjurations   | 5 6 7 8 9 11 12 13 15 16 17 18 | 18.9
Translocations | 2 3 |  3.0
Spellcasting   | 3 4 6 7 9 11 13 14 15 16 18 | 18.7
Poison Magic   | 5 6 10 13 15 | 15.0
Shields        | 4 6 9 10 12 | 12.0
Dodging        | 3 6 7 9 10 11 | 11.2
Fighting       | 6 9 |  9.0
Maces & Flails | 3 |  3.0
Stealth        | |  1.7

Action                   |  1- 3 |  4- 6 |  7- 9 | 10-12 | 13-15 | 16-18 | 19-21 || total
-------------------------+-------+-------+-------+-------+-------+-------+-------++-------
Melee: Short sword       |     2 |     2 |     2 |    33 |     6 |       |       ||    45
       Tailslap          |     1 |       |       |     9 |     5 |     3 |       ||    18
       Whip              |     4 |     8 |       |       |       |       |       ||    12
       Punch             |       |     1 |       |     1 |       |       |       ||     2
       Rapier            |       |       |       |       |    16 |       |       ||    16
       Bite              |       |       |       |       |     3 |       |     1 ||     4
       Demon whip        |       |       |       |       |     6 |       |       ||     6
       Staff             |       |       |       |       |     3 |    10 |     1 ||    14
 Cast: Magic Dart        |    43 |    50 |    43 |   150 |   668 |   508 |    30 ||  1492
       Searing Ray       |    17 |    20 |    48 |    56 |    76 |   104 |     2 ||   323
       Iskenderun's Myst |       |       |    12 |    36 |   103 |   172 |    28 ||   351
       Blink             |       |       |     1 |     2 |     5 |     1 |       ||     9
       Olgreb's Toxic Ra |       |       |     1 |    17 |    71 |    11 |     7 ||   107
       Iskenderun's Batt |       |       |       |    54 |   202 |   202 |    33 ||   491
       Momentum Strike   |       |       |       |       |    20 |     5 |       ||    25
       Poisonous Vapours |       |       |       |       |     1 |       |       ||     1
       Lesser Beckoning  |       |       |       |       |     2 |     2 |       ||     4
       Eringya's Noxious |       |       |       |       |    24 |   123 |    16 ||   163
       Alistair's Intoxi |       |       |       |       |       |    16 |     3 ||    19
       Orb of Destructio |       |       |       |       |       |    29 |    28 ||    57
       Spellforged Servi |       |       |       |       |       |    25 |    31 ||    56
       Fireball          |       |       |       |       |       |       |     7 ||     7
 Abil: Breathe Acid      |       |       |    23 |    10 |    18 |    10 |       ||    61
Evoke: Wand              |       |       |     4 |     4 |     9 |     2 |       ||    19
       Tin of tremorston |       |       |       |       |     4 |     2 |       ||     6
       Box of beasts     |       |       |       |       |     1 |     2 |       ||     3
       Phial of floods   |       |       |       |       |       |     1 |       ||     1
  Use: Scroll            |     2 |     2 |     4 |    11 |    16 |     8 |     4 ||    47
       Potion            |       |       |     1 |    15 |    11 |    13 |     1 ||    41
 Stab: Sleeping          |       |       |       |       |     1 |     1 |       ||     2
       Confused          |       |       |       |       |       |     1 |       ||     1
Armor: Skin              |     4 |     6 |    20 |    29 |    86 |    69 |     6 ||   220
Dodge: Dodged            |    11 |    10 |    36 |    62 |   122 |   141 |     6 ||   388
Block: Kite shield       |       |       |       |     8 |   187 |   187 |    16 ||   398
       Reflection        |       |       |       |       |    61 |    45 |     9 ||   115

Table legend: (Time is in decaauts)
 A = Elapsed time spent in this place.
 B = Non-inter-level travel time spent in this place.
 C = Inter-level travel time spent in this place.
 D = Time resting spent in this place.
 E = Time spent auto-exploring this place.
 F = Levels seen in this place.
 G = Mean time per level.
                   A        B        C        D        E       F      G
               +--------+--------+--------+--------+--------+-----+--------+
         Total |  66521 |  63389 |   3132 |  35164 |  13147 |  35 | 1900.6 |
       Dungeon |  24861 |  23058 |   1803 |  11046 |   7569 |  15 | 1657.4 |
          Lair |  12975 |  12323 |    652 |   7160 |   1798 |   5 | 2595.0 |
         Swamp |   4712 |   4553 |    159 |   1646 |   1387 |   4 | 1178.0 |
     Snake Pit |  12554 |  12298 |    256 |   9194 |    884 |   4 | 3138.5 |
  Orcish Mines |   3113 |   2964 |    149 |   1173 |    750 |   2 | 1556.5 |
        Vaults |   6473 |   6362 |    111 |   3699 |    718 |   3 | 2157.7 |
       Volcano |    748 |    748 |      0 |    539 |     39 |   1 |  748.0 |
      Gauntlet |   1082 |   1082 |      0 |    705 |      0 |   1 | 1082.0 |
               +--------+--------+--------+--------+--------+-----+--------+

Top non-repeatable levels by time:
 Snake:1: 5907 daAuts
     D:9: 4357 daAuts
Vaults:1: 3412 daAuts
Vaults:2: 3038 daAuts
  Lair:3: 2931 daAuts
  Lair:5: 2912 daAuts
 Snake:3: 2871 daAuts
  Lair:2: 2869 daAuts
 Snake:4: 2409 daAuts
     D:7: 2373 daAuts
     D:4: 2319 daAuts
     D:8: 2313 daAuts
  Lair:1: 2233 daAuts
   Orc:2: 2175 daAuts
  Lair:4: 2028 daAuts
